 Dungeon Crawl Stone Soup version 0.19-a0-32-gbfd796a (webtiles) character file.

14427 Duffy the Fighter (level 12, 95/95 HPs)
             Began as a Formicid Fire Elementalist on May 2, 2016.
             Was a Priest of Ashenzari.
             Quit the game on level 6 of the Dungeon.
             The game lasted 00:35:30 (18915 turns).

Duffy the Fighter (Formicid Fire Elementalist)     Turns: 18915, Time: 00:35:31

Health: 95/95      AC: 14    Str: 14    XL:     12   Next: 45%
Magic:  23/23      EV: 15    Int: 21    God:    Ashenzari [***...]
Gold:   3          SH: 10    Dex: 13    Spells: 6 memorised, 9 levels left

rFire  . . .     SeeInvis +     M - +1 dire flail (protect) (curse)
rCold  + . .     Gourm    .     C - +2 leather armour "Otocsuosm" {Int+4} (curse)
rNeg   . . .     Faith    .     l - +0 shield (curse)
rPois  .         Spirit   .     (helmet unavailable)
rElec  .         Dismiss  .     v - +2 cloak {MR+}
rCorr  .         Reflect  .     u - +0 pair of gloves
SustAt .         Harm     .     (no boots)
MR     +++..                    w - amulet of magic regeneration
Stlth  ++........               i - ring of protection from magic
                                (no ring)

@: repel missiles, extremely resistant to hostile enchantments, unstealthy
A: permanent stasis, dig shafts and tunnels, four strong arms, antennae 3, cold
resistance 1
a: Dig, Shaft Self, Curse Item, Scrying, Renounce Religion


You were on level 6 of the Dungeon.
You worshipped Ashenzari.
Ashenzari was most pleased with you.
You were not hungry.

You visited 1 branch of the dungeon, and saw 11 of its levels.
You also visited: Labyrinth.

You collected 669 gold pieces.
You spent 666 gold pieces at shops.


Innate Abilities, Weirdness & Mutations

You are under a permanent stasis effect.
You can dig through walls and to a lower floor.
Your four strong arms can wield two-handed weapons with a shield.
You have a pair of large antennae on your head (SInv).
Your flesh is cold resistant.


   Skills:
 - Level 9.0 Fighting
 - Level 6.0(9.0) Maces & Flails
 + Level 7.7 Dodging
 - Level 2.4 Stealth
 - Level 5.0(6.9) Shields
 - Level 7.8 Spellcasting
 - Level 8.0 Conjurations
 - Level 8.2 Fire Magic


You had 9 spell levels left.
You knew the following spells:

 Your Spells              Type           Power        Failure   Level  Hunger
a - Flame Tongue          Conj/Fire      #####        1%          1    None
j - Sticky Flame          Conj/Fire      #####...     8%          4    ###....
k - Fireball              Conj/Fire      #####.....   17%         5    #####..
l - Conjure Flame         Conj/Fire      #####...     1%          3    None
m - Repel Missiles        Chrm/Air       #.....       30%         2    None
W - Swiftness             Chrm/Air       #.......     30%         2    None

Inventory:

Hand Weapons
 M - a cursed +1 dire flail of protection (weapon)
Missiles
 g - 6 throwing nets (quivered)
 D - 6 javelins
Armour
 l - a cursed +0 shield (worn)
 u - a +0 pair of gloves (worn)
 v - a +2 cloak of magic resistance (worn)
 C - the cursed +2 leather armour "Otocsuosm" (worn) {Int+4}

   It affects your intelligence (+4).
   It has a curse placed upon it.
Jewellery
 b - an uncursed ring of fire
 i - a ring of protection from magic (right hand)
 w - an amulet of magic regeneration (around neck)
Wands
 s - a wand of lightning (6/15)
 E - a wand of enslavement (10/24)
 G - a wand of random effects (29/48)
 L - a wand of acid (9/15)
Scrolls
 f - 2 scrolls of immolation
 n - a scroll of fog {unknown}
 x - a scroll of recharging {unknown}
 A - a scroll of fear
 K - a scroll of enchant weapon {unknown}
Potions
 d - 5 potions of might
 h - 2 potions of resistance
 j - a potion of brilliance
 k - 11 potions of curing
 m - 3 potions of ambrosia
 o - a potion of heal wounds
 q - 3 potions of lignification
 r - 4 potions of flight
 z - 2 potions of agility
 I - a potion of cancellation {unknown}
Miscellaneous
 S - a box of beasts
Comestibles
 c - 3 bread rations
 p - 2 meat rations
 t - 2 chunks of flesh
 B - 20 fruits

Dungeon Overview and Level Annotations

Branches:
Dungeon (11/15)            Temple (0/1) D:4            Lair (0/8) D:10
    Orc (0/2) D:9

Altars:
Ashenzari
Dithmenos
Fedhas
Kikubaaqudgha
Nemelex Xobeh
Okawaru
Trog
Yredelemnul
Zin

Shops:
D:6 =   D:10 [   D:11 [


Message History

There is a blossoming altar of Fedhas here.
There is an entrance to Nisooc's Jewellery Shoppe here.
w - an uncursed amulet of magic regeneration Thank you for shopping at Nisooc's Jewellery Shoppe!
Put on which piece of jewellery? (? for menu, Esc to quit)
The amulet hums as it attunes itself to your energized body.
w - an amulet of magic regeneration (around neck) Read which item? (? for menu, Esc to quit)
Okay, then.
Read which item? (? for menu, Esc to quit)
Uncurse which item? (? for menu, Esc to quit)
As you read the scroll of remove curse, it crumbles to dust.
Uncurse which item? (? for menu, Esc to quit)
Uncurse which item? (? for menu, Esc to quit)
Uncurse which item? (? for menu, Esc to quit)
Okay, then.
Your shield hand is not bound.
You are slightly bound.
Wear which item? (? for menu, Esc to quit)
You start removing your armour.
You continue taking off your +0 cloak of poison resistance. x4
You finish taking off your +0 cloak of poison resistance.
You no longer feel resistant to poison.
You start putting on your armour.
You continue putting on your +2 cloak of magic resistance. x5
You finish putting on your +2 cloak of magic resistance.
You feel resistant to hostile enchantments.
Wear which item? (? for menu, Esc to quit)
You start removing your armour.
You continue taking off your +0 buckler. x4
You finish taking off your +0 buckler.
You start putting on your armour.
You continue putting on your +0 shield. x5
You finish putting on your +0 shield.
Read which item? (? for menu, Esc to quit)
Okay, then.
Use which ability? (? or * to list) Curse which item? (1 remove curse scroll left) (Esc to abort) (? for menu, Esc to quit)
Your +0 shield glows black for a moment.
Your shield hand is bound.
You are moderately bound.
Drop what? 37/52 slots (_ for help) (? for menu, Esc to quit)
You drop a +0 cloak of poison resistance.
You drop a +0 buckler.
You remove your ring of teleportation.
You drop an uncursed ring of teleportation.
Wear which item? (? for menu, Esc to quit)
You start putting on your armour.
You continue putting on your uncursed pair of gloves. x4
You finish putting on your +0 pair of gloves.
Put on which piece of jewellery? (? for menu, Esc to quit)
Okay, then.
Are you sure you want to abandon this character and quit the game? (Confirm with "yes".)

#.# #.## #.# #..# #.#
##.# #.# #.# #.# #[#
#.# #.7# #.# #..# ###
#.# ##7\7#######.#
#.## #.@....#.....#
#..####.#7..##.#####
##...##.#........#
######
###.........#.#.#
.....# ##............#
####.# ###.#....#.###
.###.## #.........#
.##...# #..#..#.###
.##...########..#....#


There were no monsters in sight!

Action                   |  1- 3 |  4- 6 |  7- 9 | 10-12 || total
-------------------------+-------+-------+-------+-------++-------
Melee: Dagger            |       |       |     1 |       ||     1
       Halberd           |       |       |   101 |       ||   101
       Mace              |       |       |    11 |     3 ||    14
       Dire flail        |       |       |       |   365 ||   365
       Quarterstaff      |       |       |       |    11 ||    11
 Cast: Flame Tongue      |    47 |    99 |   197 |   263 ||   606
       Sticky Flame      |       |     2 |    14 |    38 ||    54
       Conjure Flame     |       |     1 |     7 |    36 ||    44
       Repel Missiles    |       |       |       |     1 ||     1
       Fireball          |       |       |       |     9 ||     9
Invok: Curse Item        |       |     1 |     1 |     3 ||     5
 Abil: Dig               |       |     2 |     3 |    18 ||    23
  Use: Scroll            |       |       |     6 |    14 ||    20
       Potion            |       |       |     2 |     5 ||     7
 Stab: Sleeping          |       |       |       |     1 ||     1
  Eat: Chunk             |     2 |     8 |    12 |    24 ||    46
       Beef jerky        |       |     3 |       |     1 ||     4
       Fruit             |       |     2 |     3 |     4 ||     9
       Bread ration      |       |       |     2 |     1 ||     3
Armor: Robe              |     3 |     7 |     3 |       ||    13
       Leather armour    |       |       |    62 |   167 ||   229
       Skin              |       |       |       |     2 ||     2
Dodge: Dodged            |    15 |    52 |   115 |   268 ||   450
       Deflected         |       |       |       |     2 ||     2
Block: Buckler           |       |     2 |    53 |   122 ||   177

Notes
Turn   | Place    | Note
--------------------------------------------------------------
     0 | D:1      | Duffy the Formicid Fire Elementalist began the quest for the Orb.
     0 | D:1      | Reached XP level 1. HP: 13/13 MP: 3/3
     3 | D:1      | Noticed a ghoul
     5 | D:1      | Noticed a spriggan
     7 | D:1      | Noticed a vampire
     7 | D:1      | Noticed a demigod
     9 | D:1      | Noticed a vine stalker
     9 | D:1      | Noticed a naga
    11 | D:1      | Noticed a formicid
    11 | D:1      | Noticed a felid
    13 | D:1      | Noticed a halfling
    13 | D:1      | Noticed a demonspawn
    15 | D:1      | Noticed a human
    15 | D:1      | Noticed an ogre
    17 | D:1      | Noticed an octopode
    17 | D:1      | Noticed a dwarf
    19 | D:1      | Noticed a tengu
    19 | D:1      | Noticed a merfolk
    21 | D:1      | Noticed a draconian
    21 | D:1      | Noticed a troll
    23 | D:1      | Noticed a minotaur
    23 | D:1      | Noticed an elf
    25 | D:1      | Noticed a centaur
    27 | D:1      | Noticed a gargoyle
    43 | D:1      | Found a shattered altar of Ashenzari.
    50 | D:1      | Reached skill level 1 in Conjurations
   108 | D:1      | Became a worshipper of Ashenzari the Shackled
   138 | D:1      | Reached XP level 2. HP: 19/19 MP: 0/5
   426 | D:1      | Reached skill level 2 in Conjurations
  1063 | D:2      | Reached XP level 3. HP: 24/24 MP: 2/6
  1123 | D:2      | Found a sparkling altar of Nemelex Xobeh.
  1238 | D:2      | Learned a level 3 spell: Conjure Flame
  1281 | D:2      | Reached * piety under Ashenzari
  1301 | D:2      | Reached skill level 3 in Conjurations
  1368 | D:2      | Reached XP level 4. HP: 30/30 MP: 3/7
  2045 | D:3      | Noticed Grinder
  2359 | D:3      | Learned a level 4 spell: Sticky Flame
  2471 | D:3      | Reached XP level 5. HP: 35/35 MP: 2/8
  2968 | D:4      | Reached skill level 4 in Fire Magic
  2968 | D:4      | Reached XP level 6. HP: 38/41 MP: 2/9
  3264 | D:4      | Reached skill level 4 in Conjurations
  3968 | D:4      | Found a staircase to the Ecumenical Temple.
  4027 | D:5      | Entered Level 5 of the Dungeon
  5024 | D:5      | Noticed a phantom
  5062 | D:4      | Killed a phantom
  5062 | D:4      | Reached skill level 2 in Shields
  5062 | D:4      | Reached XP level 7. HP: 18/46 MP: 0/10
  5277 | D:5      | Reached skill level 3 in Shields
  5356 | D:5      | Reached skill level 4 in Shields
  5482 | D:5      | Reached skill level 5 in Shields
  5702 | D:5      | Reached skill level 5 in Fire Magic
  5702 | D:5      | Reached XP level 8. HP: 41/52 MP: 4/11
  5718 | D:5      | Got the uncursed leather armour "Otocsuosm" {Int+4}
  5729 | D:5      | Identified the +2 leather armour "Otocsuosm" {Int+4} (You took it off a gnoll on level 5 of the Dungeon)
  5880 | D:4      | Reached skill level 5 in Conjurations
  7098 | D:6      | Reached skill level 6 in Fire Magic
  7254 | D:6      | Found a shadowy altar of Dithmenos.
  7348 | D:6      | Noticed Duvessa
  7414 | D:6      | Noticed Dowan
  7615 | D:5      | Reached skill level 6 in Conjurations
  8087 | D:6      | Found an iron altar of Okawaru.
  8216 | D:6      | Reached XP level 9. HP: 51/57 MP: 2/12
  8294 | D:6      | Noticed M4edhros's ghost (amateur OpNe)
  8294 | D:6      | Found a basalt altar of Yredelemnul.
  8307 | D:6      | Killed M4edhros's ghost
  8307 | D:6      | Reached skill level 7 in Fire Magic
  8376 | D:6      | Found a bloodstained altar of Trog.
  8377 | D:6      | Found a blossoming altar of Fedhas.
  8838 | D:6      | Found Nisooc's Jewellery Shoppe.
  8993 | D:6      | Killed Dowan
  9014 | D:6      | Killed Duvessa
  9014 | D:6      | Reached skill level 7 in Conjurations
  9303 | D:3      | Noticed Crazy Yiuf
  9310 | D:3      | Killed Crazy Yiuf
  9452 | D:2      | Reached skill level 3 in Spellcasting
  9516 | D:3      | Killed Grinder
  9516 | D:3      | Reached skill level 4 in Spellcasting
  9811 | D:7      | Noticed a hill giant
  9837 | D:6      | Killed a hill giant
  9837 | D:6      | Reached skill level 6 in Spellcasting
 10263 | D:6      | Reached XP level 10. HP: 25/63 MP: 12/20
 10463 | D:6      | Reached skill level 7 in Spellcasting
 10940 | D:7      | Learned a level 5 spell: Fireball
 10943 | D:7      | Learned a level 2 spell: Repel Missiles
 10946 | D:7      | Learned a level 2 spell: Swiftness
 11268 | D:7      | Found a glowing silver altar of Zin.
 11325 | D:7      | Reached skill level 8 in Fire Magic
 11790 | D:8      | Reached skill level 1 in Fighting
 12071 | D:8      | Reached skill level 2 in Fighting
 12193 | D:8      | Reached skill level 8 in Conjurations
 12506 | D:8      | Reached skill level 3 in Fighting
 12506 | D:8      | Reached skill level 1 in Maces & Flails
 12696 | D:9      | Reached ** piety under Ashenzari
 12918 | D:9      | Reached skill level 2 in Maces & Flails
 13000 | D:9      | Found a staircase to the Orcish Mines.
 13015 | D:9      | Reached skill level 4 in Fighting
 13109 | D:9      | Reached skill level 3 in Maces & Flails
 13259 | D:9      | Reached XP level 11. HP: 78/78 MP: 13/22
 13340 | D:9      | Reached skill level 5 in Fighting
 13459 | D:9      | Found an ancient bone altar of Kikubaaqudgha.
 13624 | D:9      | Reached skill level 4 in Maces & Flails
 13809 | D:10     | Entered Level 10 of the Dungeon
 13880 | D:10     | Found a staircase to the Lair.
 14193 | D:9      | Reached skill level 6 in Fighting
 14219 | D:9      | Reached skill level 5 in Maces & Flails
 14588 | D:10     | Noticed an unseen horror
 14600 | D:10     | Killed an unseen horror
 14600 | D:10     | Reached skill level 7 in Fighting
 14714 | D:10     | Found Eceut's Antique Armour Shop.
 14721 | D:10     | Bought a runed cloak for 153 gold pieces
 15100 | D:10     | Reached skill level 6 in Maces & Flails
 15154 | D:10     | Reached skill level 2 in Dodging
 15196 | D:10     | Noticed a cyclops
 15208 | D:10     | Killed a cyclops
 15702 | D:11     | Found a labyrinth entrance.
 15707 | Lab      | Entered a labyrinth
 16298 | Lab      | Noticed a minotaur
 16304 | Lab      | Killed a minotaur
 16304 | Lab      | Reached skill level 8 in Fighting
 16304 | Lab      | Reached skill level 3 in Dodging
 16399 | Lab      | Identified the +3 plate armour of Xudeiff {rF+} (You found it in a labyrinth)
 16500 | D:11     | Found Weophahi's Armour Boutique.
 16575 | D:11     | Reached *** piety under Ashenzari
 16596 | D:11     | Reached skill level 4 in Dodging
 16790 | D:11     | Noticed a brown ugly thing
 16799 | D:11     | Killed a brown ugly thing
 16954 | D:11     | Reached XP level 12. HP: 94/94 MP: 13/23
 17306 | D:11     | Reached skill level 9 in Fighting
 17481 | D:11     | Reached skill level 5 in Dodging
 17611 | D:11     | Reached skill level 6 in Dodging
 18187 | D:11     | Reached skill level 7 in Dodging
 18369 | D:11     | Gained mutation: Your flesh is cold resistant. [potion of beneficial mutation]
 18658 | D:11     | Noticed an unseen horror
 18669 | D:11     | Killed an unseen horror
 18748 | D:10     | Bought a pair of gloves for 153 gold pieces
 18882 | D:6      | Bought an uncursed amulet of magic regeneration for 360 gold pieces
 18915 | D:6      | Quit the game

Skill      XL: |  1  2  3  4  5  6  7  8  9 10 11 12 |
---------------+-------------------------------------+-----
Conjurations   | 1 2 3 4 6 7 8 |  8.0
Fire Magic     | 4 5 6 7 8 |  8.2
Shields        | 2 5 |  5.0
Spellcasting   | 6 7 |  7.8
Fighting       | 4 8 9 |  9.0
Maces & Flails | 3 6 |  6.0
Dodging        | 4 7 |  7.7
Stealth        | |  2.4

Vault maps used:
D:1:      kb_arrival_jail, hex_medium, roderic_lattice_a,
          evilmike_ruin_ashenzari
D:2:      nemelex_altar_shiori
D:3:      uniq_crazy_yiuf_cottage, uniq_grinder
D:4:      minmay_temple_entry_purple_smoke, first_bread
D:5:      eino_curves_01
D:6:      okawaru_ov_weapons_minmay, grunt_temple_overflow_open, serial_shops,
          nicolae_shop_trees, small_statue_intersection, grunt_dithmenos_smoke,
          uniq_duvessa
D:7:      lemuel_round_altar
D:9:      lemuel_crystal_altar, zombieorc2_lemuel
D:10:     lair_0_dummy, serial_shops, shop, blue_anna_alchemist,
          lightli_minifort
D:11:     lab_entry_generic, serial_shops, shop
Lab:      nicolae_lab_plus, nicolae_lab_statue, nicolae_lab_starburst

Vanquished Creatures
  A minotaur
  2 unseen horrors
  3 hill giants
  A cyclops
  An ugly thing Grinder
  A two-headed ogre
  A redback
  12 yaks
  2 hill giant zombies
  2 wyverns
  3 hungry ghosts
  A hippogriff
  The ghost of M4edhros the Insei, an amateur OpNe of Cheibriados Duvessa
  2 water moccasins
  3 orc warriors
  A wasp
  3 phantoms
  2 ice beasts
  4 sky beasts
  3 ogres
  2 necrophages
  A centaur
  A crocodile
  A big kobold
  9 giant frogs
  2 gnoll sergeants
  6 scorpions
  A wyvern skeleton Dowan
  2 troll zombies
  26 killer bees
  4 wights
  7 howler monkeys
  2 jellies
  A spriggan skeleton
  7 crimson imps
  4 hounds
  A giant frog skeleton
  A quasit
  2 orc priests
  3 centaur skeletons
  A gnoll shaman
  8 iguanas
  14 orc wizards Crazy Yiuf
  11 worker ants
  4 ogre zombies
  2 hound zombies
  A howler monkey zombie
  3 worker ant zombies
  15 adders
  14 gnolls
  3 howler monkey skeletons
  A shadow imp
  An ooze
  An adder zombie
  3 worms
  3 giant geckos
  27 orcs
  2 ball pythons
  3 bats
  3 giant cockroaches
  7 hobgoblins
  8 jackals
  10 kobolds
  3 quokkas
  2 giant cockroach zombies
  A giant gecko skeleton
  4 giant newts
  7 goblins
  3 goblin zombies
  3 hobgoblin zombies
  2 jackal skeletons
  3 orc skeletons
  16 orc zombies
  10 rats
  A fungus
336 creatures vanquished.
